NCAA
CREIGHTON BLUE JAYS @ RUTGERS SCARLET KNIGHTS
05/31/2028
 
TOP OF THE 1ST
Creighton Blue Jays batting - Pitching for Rutgers Scarlet Knights : RHP Miguel Durán
Pitching: RHP Miguel Durán
Batting: LHB Raúl Hernández 0-0: Called Strike
0-1: Reached on error, E5 (Groundball, 56S)
Batting: LHB Pedro Oropesa 0-0: Called Strike
0-1: Ball
1-1: Foul Ball, location: 2F
1-2: Ball
2-2: Foul Ball, location: 2F
2-2: Strikes out swinging
Batting: RHB Matt Cole 0-0: Ball
Raúl Hernández is caught stealing 2nd base
1-0: Ball
2-0: Ball
3-0: Called Strike
3-1: Foul Ball, location: 2F
3-2: Base on Balls
Batting: LHB Brady Phillips 0-0: Ball
1-0: Foul Ball, location: 2F
1-1: SINGLE (Line Drive, 89S)
Matt Cole to second
Batting: LHB Steve Edwards 0-0: Foul Ball, location: 2F
0-1: Swinging Strike
0-2: Strikes out swinging
Top of the 1st over - 0 run(s), 1 hit(s), 1 error(s), 2 left on base; Creighton 0 - Rutgers 0
BOTTOM OF THE 1ST
Rutgers Scarlet Knights batting - Pitching for Creighton Blue Jays : RHP Mike Schmidt
Pitching: RHP Mike Schmidt
Batting: RHB Howard Battle 0-0: Called Strike
0-1: Called Strike
0-2: Strikes out swinging
Batting: RHB Eric Green 0-0: Ground out 5-3 (Groundball, 56)
Batting: LHB Carlos Hernández 0-0: Ground out 6-3 (Groundball, 6)
Bottom of the 1st over - 0 run(s), 0 hit(s), 0 error(s), 0 left on base; Creighton 0 - Rutgers 0
TOP OF THE 2ND
Creighton Blue Jays batting - Pitching for Rutgers Scarlet Knights : RHP Miguel Durán
Batting: RHB Gabriel Santana 0-0: Foul Ball, location: 2F
0-1: Foul Ball, location: 2F
0-2: Fly out, F6 (Popup, 6)
Batting: LHB Marcos Torres 0-0: SINGLE (Groundball, 56D)
Batting: RHB Jaime Aguirre 0-0: Ball
1-0: Foul Ball, location: 2F
1-1: Ball
2-1: Swinging Strike
2-2: Foul Ball, location: 2F
2-2: Foul Ball, location: 2F
2-2: Foul Ball, location: 2F
2-2: Ball
3-2: Foul Ball, location: 2F
3-2: Foul Ball, location: 2F
3-2: Ground out 4-3 (Groundball, 4M)
Marcos Torres to second
Batting: RHB Michael Carr 0-0: Called Strike
0-1: Ball
1-1: Ball
2-1: Swinging Strike
2-2: Strikes out swinging
Top of the 2nd over - 0 run(s), 1 hit(s), 0 error(s), 1 left on base; Creighton 0 - Rutgers 0
BOTTOM OF THE 2ND
Rutgers Scarlet Knights batting - Pitching for Creighton Blue Jays : RHP Mike Schmidt
Batting: LHB Dave Watkins 0-0: Swinging Strike
0-1: Swinging Strike
0-2: Ball
1-2: Strikes out looking
Batting: RHB Chris Barker 0-0: Called Strike
0-1: Swinging Strike
0-2: Ball
1-2: Ball
2-2: Fly out, F8 (Flyball, 89XD)
Batting: LHB Ryan Washington 0-0: Ball
1-0: Ground out 1-3 (Groundball, 13)
Bottom of the 2nd over - 0 run(s), 0 hit(s), 0 error(s), 0 left on base; Creighton 0 - Rutgers 0
TOP OF THE 3RD
Creighton Blue Jays batting - Pitching for Rutgers Scarlet Knights : RHP Miguel Durán
Batting: LHB Raúl Hernández 0-0: Foul Ball, location: 2F
0-1: Ball
1-1: Swinging Strike
1-2: Strikes out swinging
Batting: LHB Pedro Oropesa 0-0: Called Strike
0-1: Ball
1-1: SOLO HOME RUN (Flyball, 9LD), Distance : 341 ft
Batting: RHB Matt Cole 0-0: Ball
1-0: Ball
2-0: Called Strike
2-1: Ball
3-1: Swinging Strike
3-2: Fly out, F7 (Flyball, 7S)
Batting: LHB Brady Phillips 0-0: Called Strike
0-1: Ball
1-1: Swinging Strike
1-2: Foul Ball, location: 2F
1-2: Ball
2-2: Ball
3-2: Foul Ball, location: 2F
3-2: Fly out, F4 (Line Drive, 4M)
Top of the 3rd over - 1 run(s), 1 hit(s), 0 error(s), 0 left on base; Creighton 1 - Rutgers 0
BOTTOM OF THE 3RD
Rutgers Scarlet Knights batting - Pitching for Creighton Blue Jays : RHP Mike Schmidt
Batting: RHB Harry Wilkins 0-0: Called Strike
0-1: Ball
1-1: Ball
2-1: Called Strike
2-2: SINGLE (Groundball, 6MD)
Batting: SHB Pat Brock 0-0: Swinging Strike
0-1: Ball
1-1: Fielders Choice at 2nd, 5-4 (Groundball, 56)
Batting: RHB Bill Shaffer 0-0: Called Strike
Pat Brock is caught stealing 2nd base
0-1: Called Strike
0-2: Ball
1-2: DOUBLE (Line Drive, 7)
Batting: RHB Howard Battle 0-0: Called Strike
0-1: Called Strike
0-2: Strikes out swinging
Bottom of the 3rd over - 0 run(s), 2 hit(s), 0 error(s), 1 left on base; Creighton 1 - Rutgers 0
TOP OF THE 4TH
Creighton Blue Jays batting - Pitching for Rutgers Scarlet Knights : RHP Miguel Durán
Batting: LHB Steve Edwards 0-0: SINGLE (Groundball, 34D)
Batting: RHB Gabriel Santana 0-0: Ball
1-0: Ball
2-0: Ball
3-0: Called Strike
3-1: Foul Ball, location: 2F
3-2: Base on Balls
Steve Edwards to second
Batting: LHB Marcos Torres 0-0: Ball
1-0: Foul Ball, location: 2F
1-1: Fielders Choice at 2nd, 4-6 (Groundball, 34)
Steve Edwards to third
Batting: RHB Jaime Aguirre 0-0: Ball
1-0: Ball
2-0: Fielders Choice at 2nd, 4-6 (Groundball, 4)
Steve Edwards scores
Batting: RHB Michael Carr 0-0: Ball
1-0: SINGLE (Groundball, 34D)
Jaime Aguirre to second
Runner from 2nd tries for 3rd, SAFE, throw made to third
Michael Carr to second
Batting: LHB Raúl Hernández 0-0: Called Strike
0-1: Ball
Wild Pitch!
Jaime Aguirre scores
Michael Carr to third
1-1: SINGLE (Groundball, 6D)
Michael Carr scores
Batting: LHB Pedro Oropesa 0-0: Ball
1-0: Ball
2-0: Ball
3-0: Called Strike
3-1: Swinging Strike
3-2: Fly out, F7 (Flyball, 7S)
Top of the 4th over - 3 run(s), 3 hit(s), 0 error(s), 1 left on base; Creighton 4 - Rutgers 0
BOTTOM OF THE 4TH
Rutgers Scarlet Knights batting - Pitching for Creighton Blue Jays : RHP Mike Schmidt
Batting: RHB Eric Green 0-0: DOUBLE (Line Drive, 7LM)
Batting: LHB Carlos Hernández 0-0: Ball
1-0: Ball
2-0: Ball
3-0: Called Strike
3-1: Called Strike
3-2: Foul Ball, location: 2F
3-2: Foul Ball, location: 2F
3-2: Fly out, F7 (Flyball, 7LM)
Batting: LHB Dave Watkins 0-0: Ball
1-0: Called Strike
1-1: Ball
2-1: Foul Ball, location: 2F
2-2: Strikes out swinging
Batting: RHB Chris Barker 0-0: Called Strike
0-1: Ground out 6-3 (Groundball, 6)
Bottom of the 4th over - 0 run(s), 1 hit(s), 0 error(s), 1 left on base; Creighton 4 - Rutgers 0
TOP OF THE 5TH
Creighton Blue Jays batting - Pitching for Rutgers Scarlet Knights : RHP Miguel Durán
Pitching: RHP Billy Corbett
Batting: RHB Matt Cole 0-0: Ball
1-0: Ball
2-0: Ball
3-0: Called Strike
3-1: Called Strike
3-2: Strikes out swinging
Batting: LHB Brady Phillips 0-0: Called Strike
0-1: Called Strike
0-2: SINGLE (Flyball, 8LS)
Batting: LHB Steve Edwards 0-0: Ball
1-0: Foul Ball, location: 2F
1-1: Fly out, F8 (Flyball, 89D)
Batting: RHB Gabriel Santana 0-0: Foul Ball, location: 2F
0-1: Swinging Strike
0-2: Ball
Wild Pitch!
Brady Phillips to second
1-2: Strikes out swinging
Top of the 5th over - 0 run(s), 1 hit(s), 0 error(s), 1 left on base; Creighton 4 - Rutgers 0
BOTTOM OF THE 5TH
Rutgers Scarlet Knights batting - Pitching for Creighton Blue Jays : RHP Mike Schmidt
Batting: LHB Ryan Washington 0-0: Ball
1-0: Foul Ball, location: 2F
1-1: Foul Ball, location: 2F
1-2: Foul Ball, location: 2F
1-2: Strikes out looking
Batting: RHB Harry Wilkins 0-0: Ball
1-0: Foul Ball, location: 2F
1-1: Ball
2-1: Ball
3-1: Base on Balls
Batting: SHB Pat Brock 0-0: Called Strike
0-1: Swinging Strike
0-2: Foul Ball, location: 2F
0-2: 2-RUN HOME RUN (Flyball, 89XD), Distance : 378 ft
Batting: RHB Bill Shaffer 0-0: Ball
1-0: Foul Ball, location: 2F
1-1: Foul Ball, location: 2F
1-2: Ball
2-2: Fly out, F6 (Popup, 6)
Batting: RHB Howard Battle 0-0: Foul Ball, location: 2F
0-1: Called Strike
0-2: Foul Ball, location: 2F
0-2: Strikes out swinging
Bottom of the 5th over - 2 run(s), 1 hit(s), 0 error(s), 0 left on base; Creighton 4 - Rutgers 2
TOP OF THE 6TH
Creighton Blue Jays batting - Pitching for Rutgers Scarlet Knights : RHP Billy Corbett
Batting: LHB Marcos Torres 0-0: Ball
1-0: Ball
2-0: Ball
3-0: Called Strike
3-1: Base on Balls
Batting: RHB Jaime Aguirre 0-0: Foul Ball, location: 2F
0-1: Called Strike
0-2: Foul Ball, location: 2F
0-2: Ball
1-2: Strikes out swinging
Batting: RHB Michael Carr 0-0: Called Strike
Marcos Torres steals 2nd base
0-1: Ball
1-1: Called Strike
1-2: Strikes out looking
Batting: LHB Raúl Hernández 0-0: Called Strike
0-1: Swinging Strike
0-2: Hit by Pitch
Batting: LHB Pedro Oropesa 0-0: Fly out, F3 (Popup, 3L)
Top of the 6th over - 0 run(s), 0 hit(s), 0 error(s), 2 left on base; Creighton 4 - Rutgers 2
BOTTOM OF THE 6TH
Rutgers Scarlet Knights batting - Pitching for Creighton Blue Jays : RHP Mike Schmidt
Batting: RHB Eric Green 0-0: Ball
1-0: Ball
2-0: Ground out 5-3 (Groundball, 56S)
Batting: LHB Carlos Hernández 0-0: Ball
1-0: Ball
2-0: Ball
3-0: Called Strike
3-1: Called Strike
3-2: Fly out, F9 (Flyball, 89S)
Batting: LHB Dave Watkins 0-0: Called Strike
0-1: Foul Ball, location: 2F
0-2: SINGLE (Groundball, 4MD)
Pitching: RHP David Chávez
Batting: RHB Chris Barker 0-0: Ball
Dave Watkins steals 2nd base
1-0: Ball
2-0: Swinging Strike
2-1: Foul Ball, location: 2F
2-2: Ball
3-2: Foul Ball, location: 2F
3-2: Strikes out looking
Bottom of the 6th over - 0 run(s), 1 hit(s), 0 error(s), 1 left on base; Creighton 4 - Rutgers 2
TOP OF THE 7TH
Creighton Blue Jays batting - Pitching for Rutgers Scarlet Knights : RHP Billy Corbett
Batting: RHB Matt Cole 0-0: Ball
1-0: Ground out 4-3 (Groundball, 4S)
Batting: LHB Brady Phillips 0-0: Called Strike
0-1: Swinging Strike
0-2: Foul Ball, location: 2F
0-2: Ball
1-2: Foul Ball, location: 2F
1-2: Ball
2-2: Foul Ball, location: 2F
2-2: Ground out 4-3 (Groundball, 34D)
Batting: LHB Steve Edwards 0-0: Called Strike
0-1: Ball
1-1: Foul Ball, location: 2F
1-2: Ball
2-2: SINGLE (Line Drive, 9S)
Batting: RHB Gabriel Santana 0-0: Called Strike
0-1: Ball
1-1: Foul Ball, location: 2F
1-2: Foul Ball, location: 2F
1-2: Foul Ball, location: 2F
1-2: Ball
2-2: Strikes out swinging
Top of the 7th over - 0 run(s), 1 hit(s), 0 error(s), 1 left on base; Creighton 4 - Rutgers 2
BOTTOM OF THE 7TH
Rutgers Scarlet Knights batting - Pitching for Creighton Blue Jays : RHP David Chávez
Batting: LHB Ryan Washington 0-0: Swinging Strike
0-1: Foul Ball, location: 2F
0-2: SOLO HOME RUN (Flyball, 7D), Distance : 368 ft
Batting: RHB Harry Wilkins 0-0: Ball
1-0: Ball
2-0: Called Strike
2-1: Called Strike
2-2: Strikes out looking
Batting: SHB Pat Brock 0-0: Ball
1-0: Ball
2-0: Called Strike
2-1: Swinging Strike
2-2: Strikes out looking
Batting: RHB Bill Shaffer 0-0: Called Strike
0-1: Ball
1-1: Foul Ball, location: 2F
1-2: Foul Ball, location: 2F
1-2: Ball
2-2: Foul Ball, location: 2F
2-2: Ball
3-2: Base on Balls
Batting: RHB Howard Battle 0-0: Foul Ball, location: 2F
0-1: Ball
1-1: Called Strike
Bill Shaffer steals 2nd base
1-2: Fly out, F5 (Line Drive, 56)
Bottom of the 7th over - 1 run(s), 1 hit(s), 0 error(s), 1 left on base; Creighton 4 - Rutgers 3
TOP OF THE 8TH
Creighton Blue Jays batting - Pitching for Rutgers Scarlet Knights : RHP Billy Corbett
Pitching: LHP Júlio Ariza
Batting: LHB Marcos Torres 0-0: Called Strike
0-1: Ball
1-1: SINGLE (Groundball, 5S) (infield hit)
Batting: RHB Jaime Aguirre 0-0: Sac Bunt - play at first, batter OUT! 5-4
Marcos Torres to second
Pinch Hitting: RHB Ed Lindsey 0-0: Intentional Walk
Pinch Hitting: RHB Carlos Gómez 0-0: Called Strike
0-1: Ball
1-1: Called Strike
1-2: Strikes out swinging
Batting: LHB Pedro Oropesa 0-0: Called Strike
0-1: Ball
1-1: Swinging Strike
1-2: Strikes out looking
Top of the 8th over - 0 run(s), 1 hit(s), 0 error(s), 2 left on base; Creighton 4 - Rutgers 3
BOTTOM OF THE 8TH
Rutgers Scarlet Knights batting - Pitching for Creighton Blue Jays : RHP David Chávez
Pitching: RHP Tommy Estes
Now at 1B: Carlos Gómez
Now in CF: Rob Johnstone
Batting: RHB Eric Green 0-0: Called Strike
0-1: Ball
1-1: Ball
2-1: Swinging Strike
2-2: Strikes out swinging
Pitching: LHP Peter Turner
Batting: LHB Carlos Hernández 0-0: Called Strike
0-1: Swinging Strike
0-2: Foul Ball, location: 2F
0-2: Foul Ball, location: 2F
0-2: SOLO HOME RUN (Flyball, 8LXD), Distance : 404 ft
Batting: LHB Dave Watkins 0-0: Called Strike
0-1: Swinging Strike
0-2: Strikes out swinging
Batting: RHB Chris Barker 0-0: Ball
1-0: Called Strike
1-1: Ground out 5-3 (Groundball, 5S)
Bottom of the 8th over - 1 run(s), 1 hit(s), 0 error(s), 0 left on base; Creighton 4 - Rutgers 4
TOP OF THE 9TH
Creighton Blue Jays batting - Pitching for Rutgers Scarlet Knights : LHP Júlio Ariza
Pitching: LHP Rubén De La Garza
Batting: RHB Matt Cole 0-0: Ball
1-0: Ball
2-0: Swinging Strike
2-1: Foul Ball, location: 2F
2-2: Strikes out swinging, 2-3 out at first.
Batting: LHB Brady Phillips 0-0: Ground out 3-1 (Groundball, 34)
Batting: LHB Steve Edwards 0-0: Foul Ball, location: 2F
0-1: Ball
1-1: Called Strike
1-2: Strikes out swinging
Top of the 9th over - 0 run(s), 0 hit(s), 0 error(s), 0 left on base; Creighton 4 - Rutgers 4
BOTTOM OF THE 9TH
Rutgers Scarlet Knights batting - Pitching for Creighton Blue Jays : LHP Peter Turner
Pitching: RHP Sam Faulkner
Batting: LHB Ryan Washington 0-0: Foul Ball, location: 2F
0-1: Ball
1-1: Called Strike
1-2: Ball
2-2: Ball
3-2: Base on Balls
Pinch Runner at 1st Joseph McCarteney:
Batting: RHB Harry Wilkins 0-0: Fly out, F9 (Flyball, 9LSF)
Pinch Hitting: LHB Zander Rutherford 0-0: Ball
1-0: SINGLE (Flyball, 7LS)
Joseph McCarteney to second
Batting: RHB Bill Shaffer 0-0: Called Strike
0-1: Foul Ball, location: 2F
0-2: SINGLE (Groundball, 56) (infield hit)
Joseph McCarteney to third
Zander Rutherford to second
Batting: RHB Howard Battle 0-0: Ball
1-0: Ball
2-0: Ball
3-0: Called Strike
3-1: Base on Balls
Joseph McCarteney scores
Zander Rutherford to third
Bill Shaffer to second
Tuesday, August 8th, 2017 - OOTP Baseball 17.12 Build 75